 Dungeon Sprint DCSS version 0.20-a0-556-g892c87b (webtiles) character file.

13684 Kidiri the Eclecticist (level 11, -5/69 HPs)
             Began as a Deep Elf Fire Elementalist on Feb 4, 2017.
             Was the Champion of Vehumet.
             Hit by a silver javelin thrown by a merfolk javelineer (17 damage)
             ... in the Dungeon (Sprint V: "Ziggurat Sprint").
             The game lasted 00:11:37 (1481 turns).

Kidiri the Eclecticist (Deep Elf Fire Elementalist) Turns: 1481, Time: 00:11:39

Health: -5/69      AC:  9    Str:  5    XL:     11   Next: 78%
Magic:  36/39      EV: 20    Int: 47    God:    Vehumet [******]
Gold:   0          SH:  0    Dex: 15    Spells: 1/43 levels left

rFire    + + .     SeeInvis .   m - +6 Majin-Bo {vamp, Archmagi MP+6 Int+6}
rCold    x x .     Gourm    .   P - +3 robe of Folly {Archmagi, MR-- Int+5}
rNeg     . . .     Faith    .   (shield currently unavailable)
rPois    .         Spirit   .   (no helmet)
rElec    .         Reflect  .   (no cloak)
rCorr    .         Harm     .   (no gloves)
MR       .....     NoTele   +   U - +2 pair of boots {run}
Stlth    ++........             (no amulet)
Regen    0.3/turn               B - +6 ring of intelligence
                                A - +6 ring of intelligence

@: immune to fire clouds, mesmerised, studying Staves, quick
A: no striking features
a: Renounce Religion


You were in the Dungeon.
You worshipped Vehumet.
Vehumet was exalted by your worship.
You were full.

You visited 1 branch

Inventory:

Hand Weapons
 m - the +6 Majin-Bo (weapon) {vamp, Archmagi MP+6 Int+6}
   (You found it in the Dungeon)

   It inflicts no extra harm, but heals its wielder when it wounds a living foe.
   It affects your intelligence (+6).
   It affects your magic capacity (+6).
Armour
 P - the +3 robe of Folly (worn) {Archmagi, MR-- Int+5}
   (You found it in the Dungeon)

   It affects your intelligence (+5).
   It affects your resistance to hostile enchantments.
 U - a +2 pair of boots of running (worn)
Jewellery
 b - a +2 ring of strength
 y - a +6 ring of dexterity
 z - a +6 ring of dexterity
 A - a +6 ring of intelligence (left hand)
 B - a +6 ring of intelligence (right hand)
 C - a +6 ring of strength
 D - a +6 ring of strength
 I - an uncursed amulet of the gourmand
 J - an uncursed ring of stealth
 K - the ring "Wafuamm" {*Contam MR+ EV+3 Slay+5 Stlth+}
   (You found it in the Dungeon)

   [ring of evasion]

   It affects your evasion (+3).
   It affects your accuracy and damage with ranged weapons and melee attacks
   (+5).
   It affects your resistance to hostile enchantments.
   It causes magical contamination when unequipped.
   It makes you more stealthy.
 L - the ring "Ummecru Isos" {rPois Str+3}
   (You found it in the Dungeon)

   [ring of poison resistance]

   It affects your strength (+3).
   It protects you from poison.
 O - the amulet of Amorality {Inacc rN++}
   (You found it in the Dungeon)

   [amulet of inaccuracy]

   It reduces the accuracy of all your attacks.
   It greatly protects you from negative energy.
 Q - the ring of Intercession {Wiz rElec rPois}
   (You found it in the Dungeon)

   [ring of wizardry]

   It improves your spell success rate.
   It insulates you from electricity.
   It protects you from poison.
 R - an uncursed ring of wizardry
Wands
 E - a wand of disintegration (7/24)
 F - a wand of iceblast (4/15)
 G - a wand of lightning (5/15)
 H - a wand of acid (5/15)
Scrolls
 i - 4 scrolls of blinking
 p - 4 scrolls of amnesia
 q - 3 scrolls of recharging
 r - 7 scrolls of fog
 s - a scroll of holy word
 t - 5 scrolls of identify
 u - 5 scrolls of remove curse
 v - 2 scrolls of fear
 T - 4 scrolls of enchant armour
Potions
 d - 8 potions of curing
 e - 9 potions of heal wounds
 f - 6 potions of haste
 g - 7 potions of magic
 h - 3 potions of berserk rage
 j - 2 potions of brilliance
 k - 2 potions of invisibility
 l - 4 potions of resistance
 n - 5 potions of agility
 o - 5 potions of might
Books
 a - a manual of Staves
 N - a book of Clouds

   Spells                             Type                      Level
   a - Poisonous Vapours              Poison/Air                   2
   b - Mephitic Cloud                 Conjuration/Poison/Air       3
   c - Conjure Flame                  Conjuration/Fire             3
   d - Freezing Cloud                 Conjuration/Ice/Air          6
   e - Ring of Flames                 Charms/Fire                  7
 S - a book of the Earth

   Spells                             Type                      Level
   a - Leda's Liquefaction            Hexes/Earth                  4
   b - Bolt of Magma                  Conjuration/Fire/Earth       5
   c - Statue Form                    Transmutation/Earth          6
   d - Iron Shot                      Conjuration/Earth            6
   e - Shatter                        Earth                        9
Comestibles
 c - 5 bread rations
 w - 29 fruits
 x - 4 meat rations
 M - 3 chunks of flesh
 V - 3 royal jellies


   Skills:
 + Level 8.3 Fighting
 + Level 10.3 Staves
 + Level 8.3 Armour
 + Level 11.8 Dodging
 - Level 2.4 Stealth
 * Level 16.9 Spellcasting
 + Level 10.7 Conjurations
 + Level 10.2 Charms
 + Level 11.0 Fire Magic
 + Level 5.7 Earth Magic
 + Level 10.6 Evocations


You had one spell level left.
You knew the following spells:

 Your Spells              Type           Power        Failure   Level  Hunger
a - Flame Tongue          Conj/Fire      #####        0%          1    None
b - Throw Flame           Conj/Fire      ######       0%          2    None
c - Conjure Flame         Conj/Fire      ########     1%          3    None
d - Inner Flame           Hex/Fire       ########     1%          3    None
e - Sticky Flame          Conj/Fire      ########     1%          4    None
f - Fireball              Conj/Fire      #########.   1%          5    None
g - Bolt of Magma         Conj/Fire/Erth #########.   1%          5    None
h - Bolt of Fire          Conj/Fire      #########.   1%          6    None
i - Ring of Flames        Chrm/Fire      #########.   8%          7    None
j - Iron Shot             Conj/Erth      ########..   1%          6    None


Dungeon Overview and Level Annotations

Branches:
Dungeon (1/1)

Altars:
Ashenzari
Cheibriados
Dithmenos
Elyvilon
Fedhas
Gozag
Hepliaklqana
Kikubaaqudgha
Makhleb
Nemelex Xobeh
Okawaru
Qazlal
Ru
Sif Muna
Trog
Uskayaw
Vehumet
Xom
Yredelemnul
Zin
The Shining One
Beogh
Jiyva
Lugonu


Message History

The fireball engulfs the merfolk avatar.
The merfolk avatar is almost dead.
The fireball engulfs the merfolk impaler.
You kill the merfolk impaler!
Vehumet accepts your kill.
You feel your power returning.
Your Fire Magic skill increases to level 11!
The merfolk javelineer shouts!
The pull of its song draws you forwards.
The merfolk avatar is engulfed in a cloud of scalding steam.
The merfolk avatar chants a haunting song.
The merfolk is engulfed in a cloud of scalding steam.
The merfolk throws a throwing net.
The throwing net completely misses you.
The merfolk avatar chants its luring song.
The merfolk javelineer throws a javelin.
The javelin hits you!!
* * * LOW HITPOINT WARNING * * *
The merfolk javelineer throws a silver javelin.
The silver javelin hits you!
You die...

▓....).... ▓▓▓▓▓▓▓▓
▓▓▓.▓.....▓. ▓≈..≈8©
....▓.........
▓..|m≈)m≈≈..▓▓▓▓▓▓▓▓▓▓
▓...§mm§m...▓...8©8...
▓≈≈.m.§§m...▓...|))[..
▓≈.§.)§.....▓...:.)...
▓..≈≈..m....▓.........
▓...≈@§§...≈▓...))....
▓....§.§.≈≈.▓.........
▓..▓.§§§.▓.≈▓....)....
▓≈..(§.§....▓.........
▓≈....§.(.≈≈▓.........
▓▓▓▓▓▓▓▓▓▓▓▓▓▓▓▓▓▓▓▓▓▓
▓...8©8...▓...8©8...▓.
▓...:)|):.▓..|"|)|..▓.
▓..)))):..▓..[..):..▓.


You could see 2 merfolk avatars, a merfolk impaler, 2 merfolk javelineers and 2
merfolk.

Vanquished Creatures
  A yellow draconian (D)
  A merfolk impaler (D)
  A blizzard demon (D)
  2 naga warriors (D)
  A sea snake (D)
  2 manticores (D)
  6 draconians (D)
  A naga mage (D)
  A spiny frog (D)
  2 yaktaurs (D)
  An ice devil (D)
  A merfolk (D)
  A hornet (D)
  A flying skull (D)
  3 shadows (D)
  2 yaks (D)
  3 spriggans (D)
  2 wyverns (D)
  A steam dragon (D)
  2 nagas (D)
  An acid dragon (D)
  A floating eye (D)
  3 water moccasins (D)
  An ice beast (D)
  3 phantoms (D)
  3 black bears (D)
  5 necrophages (D)
  2 swamp drakes (D)
  2 centaurs (D)
  2 wolves (D)
  2 bullfrogs (D)
  3 orc priests (D)
  A jelly (D)
  2 iguanas (D)
  2 adders (D)
  A river rat (D)
  2 orcs (D)
  2 ball pythons (D)
  3 bat skeletons (D)
  A bat zombie (D)
  A giant cockroach simulacrum (D)
  A jackal skeleton (D)
  A leopard gecko simulacrum (D)
  A leopard gecko skeleton (D)
81 creatures vanquished.

Notes
Turn   | Place    | Note
-------+----------+-------------------------------------------
     0 | D        | Kidiri the Deep Elf Fire Elementalist began the quest for the Orb.
     0 | D        | Reached XP level 1. HP: 10/10 MP: 6/6
     0 | D        | Found a deep blue altar of Sif Muna.
     0 | D        | Found a sacrificial altar of Ru.
     0 | D        | Found a bloodstained altar of Trog.
     0 | D        | Found a stormy altar of Qazlal.
     0 | D        | Found an iron altar of Okawaru.
     0 | D        | Found a sparkling altar of Nemelex Xobeh.
     0 | D        | Found a blossoming altar of Fedhas.
     2 | D        | Found an ancient bone altar of Kikubaaqudgha.
     2 | D        | Found a viscous altar of Jiyva.
     2 | D        | Found a corrupted altar of Lugonu.
     2 | D        | Found a hazy altar of Hepliaklqana.
     2 | D        | Found a burning altar of Makhleb.
     2 | D        | Found an opulent altar of Gozag.
    48 | D        | Became a worshipper of Vehumet
    65 | D        | Reached skill level 1 in Fighting
    65 | D        | Reached skill level 1 in Armour
    65 | D        | Reached skill level 5 in Spellcasting
    65 | D        | Reached XP level 2. HP: 17/17 MP: 6/10
    69 | D        | Learned a level 2 spell: Throw Flame
   121 | D        | Entered arena 1.
   121 | D        | Noticed a floating eye
   125 | D        | Killed a floating eye
   125 | D        | Reached skill level 7 in Spellcasting
   125 | D        | Reached skill level 5 in Fire Magic
   125 | D        | Reached XP level 3. HP: 19/22 MP: 11/13
   125 | D        | Reached XP level 4. HP: 23/27 MP: 12/15
   126 | D        | Reached XP level 5. HP: 27/32 MP: 12/17
   131 | D        | Learned a level 3 spell: Conjure Flame
   135 | D        | Learned a level 3 spell: Inner Flame
   140 | D        | Learned a level 4 spell: Sticky Flame
   146 | D        | Learned a level 5 spell: Fireball
   189 | D        | Entered arena 2.
   189 | D        | Noticed an ice beast
   190 | D        | Reached * piety under Vehumet
   190 | D        | Offered knowledge of Magic Dart by Vehumet.
   190 | D        | Reached skill level 5 in Dodging
   190 | D        | Killed an ice beast
   190 | D        | Reached skill level 8 in Spellcasting
   230 | D        | Entered arena 3.
   230 | D        | Noticed a phantom
   230 | D        | Noticed a necrophage
   230 | D        | Noticed a necrophage
   231 | D        | Reached ** piety under Vehumet
   231 | D        | Killed a necrophage
   231 | D        | Reached skill level 9 in Spellcasting
   231 | D        | Reached skill level 5 in Conjurations
   231 | D        | Reached XP level 6. HP: 36/37 MP: 20/20
   232 | D        | Reached skill level 5 in Evocations
   232 | D        | Reached *** piety under Vehumet
   240 | D        | Identified the Incunabulum of Translocation (You found it in the Dungeon)
   249 | D        | Learned a level 6 spell: Bolt of Fire
   319 | D        | Entered arena 4.
   319 | D        | Noticed a yaktaur
   319 | D        | Noticed a yaktaur
   320 | D        | Reached skill level 5 in Staves
   320 | D        | Reached skill level 10 in Spellcasting
   320 | D        | Reached XP level 7. HP: 39/43 MP: 22/22
   321 | D        | Killed a yaktaur
   321 | D        | Reached skill level 11 in Spellcasting
   324 | D        | Killed a yaktaur
   324 | D        | Reached skill level 5 in Fighting
   324 | D        | Reached XP level 8. HP: 32/49 MP: 9/25
   467 | D        | Entered arena 5.
   468 | D        | Reached **** piety under Vehumet
   468 | D        | Offered knowledge of Freeze by Vehumet.
   468 | D        | Reached skill level 5 in Armour
   469 | D        | Reached ***** piety under Vehumet
   486 | D        | Got the ring "Wafuamm" {*Contam MR+ EV+3 Slay+5 Stlth+}
   488 | D        | Got the amulet of Amorality {Inacc rN++}
   526 | D        | Entered arena 6.
   528 | D        | Reached skill level 12 in Spellcasting
   559 | D        | Got the ring of Intercession {Wiz rElec rPois}
   561 | D        | Identified the Compendium of the Teacher (You found it in the Dungeon)
   570 | D        | Learned a level 7 spell: Ring of Flames
   575 | D        | Identified the Compendium of the Teacher (You found it in the Dungeon)
   576 | D        | Entered arena 7.
   577 | D        | Reached XP level 9. HP: 55/55 MP: 27/27
   577 | D        | Reached skill level 1 in Charms
   578 | D        | Reached ****** piety under Vehumet
   578 | D        | Reached skill level 13 in Spellcasting
   591 | D        | Identified the Disquisition on Orientation and Stones (You found it in the Dungeon)
   635 | D        | Entered arena 8.
   635 | D        | Noticed a draconian
   635 | D        | Noticed a draconian
   635 | D        | Noticed a draconian
   635 | D        | Noticed a draconian
   635 | D        | Noticed a yellow draconian
   635 | D        | Noticed a draconian
   635 | D        | Noticed a draconian
   638 | D        | Killed a yellow draconian
   638 | D        | Offered knowledge of Static Discharge by Vehumet.
   638 | D        | Killed a draconian
   638 | D        | Killed a draconian
   638 | D        | Reached skill level 14 in Spellcasting
   638 | D        | Reached skill level 5 in Charms
   638 | D        | Reached XP level 10. HP: 37/61 MP: 30/30
   638 | D        | Killed a draconian
   640 | D        | Killed a draconian
   640 | D        | Reached skill level 10 in Dodging
   640 | D        | Killed a draconian
   640 | D        | Killed a draconian
   836 | D        | Learned a level 5 spell: Bolt of Magma
   838 | D        | Entered arena 9.
   838 | D        | Noticed a spriggan rider
   839 | D        | Offered knowledge of Olgreb's Toxic Radiance by Vehumet.
   840 | D        | Reached skill level 1 in Earth Magic
   841 | D        | Reached skill level 15 in Spellcasting
   842 | D        | Killed a spriggan rider
   842 | D        | Reached skill level 10 in Fire Magic
   998 | D        | Entered arena 10.
   998 | D        | Noticed a spiny frog
  1000 | D        | Killed a spiny frog
  1005 | D        | Offered knowledge of Force Lance by Vehumet.
  1012 | D        | Reached XP level 11. HP: 34/67 MP: 32/32
  1045 | D        | Identified a +2 pair of boots of running (You found it in the Dungeon)
  1150 | D        | Entered arena 11.
  1150 | D        | Noticed a blizzard demon
  1153 | D        | Killed a blizzard demon
  1153 | D        | Reached skill level 10 in Conjurations
  1165 | D        | Got the ring "Ummecru Isos" {rPois Str+3}
  1173 | D        | Identified the Volume of Unstable Sinister Rituals (You found it in the Dungeon)
  1173 | D        | Identified the Volume of Unstable Sinister Rituals (You found it in the Dungeon)
  1273 | D        | Entered arena 12.
  1273 | D        | Noticed a naga warrior
  1275 | D        | Noticed a naga warrior
  1276 | D        | Offered knowledge of Lee's Rapid Deconstruction by Vehumet.
  1276 | D        | Reached skill level 16 in Spellcasting
  1280 | D        | Killed a naga warrior
  1280 | D        | Reached skill level 10 in Evocations
  1285 | D        | Killed a naga warrior
  1285 | D        | Reached skill level 5 in Earth Magic
  1313 | D        | Identified the Compendium of the Snowflakes (You found it in the Dungeon)
  1315 | D        | Identified Koostipp's Last Grimoire of the Deep Elf Lorekeeper (You found it in the Dungeon)
  1315 | D        | Identified Koostipp's Last Grimoire of the Deep Elf Lorekeeper (You found it in the Dungeon)
  1329 | D        | Learned a level 6 spell: Iron Shot
  1476 | D        | Entered arena 13.
  1478 | D        | Noticed a merfolk javelineer
  1478 | D        | Noticed a merfolk avatar
  1478 | D        | Noticed a merfolk impaler
  1479 | D        | Noticed a merfolk impaler
  1479 | D        | Noticed a merfolk avatar
  1479 | D        | Noticed a merfolk javelineer
  1480 | D        | Noticed a sea snake
  1480 | D        | Offered knowledge of Airstrike by Vehumet.
  1480 | D        | Reached skill level 10 in Staves
  1481 | D        | Killed a sea snake
  1481 | D        | Reached skill level 10 in Charms
  1481 | D        | Killed a merfolk impaler
  1481 | D        | Hit by a silver javelin thrown by a merfolk javelineer

Vault maps used:
D:        sprint_v

Skill      XL: |  1  2  3  4  5  6  7  8  9 10 11 |
---------------+----------------------------------+-----
Fighting       | 1 2 3 4 5 6 7 8 |  8.3
Staves         | 2 3 4 5 6 7 8 10 | 10.3
Armour         | 1 2 3 4 5 6 7 8 |  8.3
Dodging        | 3 4 5 6 7 8 9 10 11 | 11.8
Spellcasting   | 5 7 9 10 11 12 14 15 16 | 16.9
Conjurations   | 2 3 4 5 6 7 8 9 10 | 10.7
Fire Magic     | 4 5 6 7 8 9 10 11 | 11.0
Evocations     | 2 3 4 5 6 7 8 9 10 | 10.6
Charms         | 5 8 10 | 10.2
Earth Magic    | 3 5 |  5.7
Stealth        | |  2.4

Action                   |  1- 3 |  4- 6 |  7- 9 | 10-12 || total
-------------------------+-------+-------+-------+-------++-------
Melee: Quarterstaff      |       |       |       |    10 ||    10
 Cast: Flame Tongue      |     3 |     2 |       |       ||     5
       Fireball          |       |     3 |     9 |    14 ||    26
       Bolt of Fire      |       |       |     2 |     7 ||     9
       Ring of Flames    |       |       |       |     2 ||     2
Evoke: Wand              |       |       |     1 |       ||     1
  Use: Potion            |     1 |       |     3 |       ||     4
  Eat: Fruit             |     2 |    11 |       |       ||    13
Armor: Robe              |       |     1 |       |     1 ||     2
Dodge: Dodged            |     2 |       |     2 |    13 ||    17
